 Dungeon Crawl Stone Soup version 0.30-a0-879-ga8ba668304 (webtiles) character file.

Game seed: 12718672870530261386

643 M4edhros the Insei (level 7, -2/48 HPs)
             Began as an Octopode Artificer on Mar 13, 2023.
             Was a Follower of Wu Jian.
             Slain by an orc
             ... wielding a +0 whip
              (3 damage)
             ... on level 4 of the Dungeon on Mar 14, 2023.
             The game lasted 00:09:36 (1602 turns).

M4edhros the Insei (Octopode Artificer)             Turns: 1602, Time: 00:09:36

Health: -2/48      AC:  1    Str: 17    XL:     7   Next: 51%
Magic:  7/7        EV: 15    Int: 19    God:    Wu Jian [*.....]
Gold:   139        SH:  0    Dex: 15    Spells: 6/6 levels left

rFire   . . .      SeeInvis .      - Unarmed
rCold   . . .      Faith    .    (no shield)
rNeg    . . .      Spirit   .    (helmet restricted)
rPois   .          Reflect  .    h - amulet of the acrobat
rElec   .          Rampage  .    e - ring of resist corrosion
rCorr   +                        r - +6 ring of intelligence
Will    .....                    y - +6 ring of strength
Stlth   +++                      (no ring)
HPRegen 0.28/turn                (no ring)
MPRegen 0.10/turn                (no ring)
                                 (no ring)
                                 (no ring)

@: no status effects
A: almost no armour, amphibious, 8 rings, camouflage 1, gelatinous body 1,
(nimble swimmer 1), tentacles
a: Renounce Religion


You were on level 4 of the Dungeon.
You worshipped Wu Jian.
Wu Jian was aware of your devotion.
You visited 1 branch of the dungeon, and saw 5 of its levels.

You collected 139 gold pieces.

Inventory:

Missiles
 g - 4 poisoned darts
 k - a throwing net
Jewellery
 e - a ring of resist corrosion (left tentacle)
 h - an amulet of the acrobat (around mantle)
 r - a +6 ring of intelligence (right tentacle)
 v - a ring of ice
 y - a +6 ring of strength (on tentacle)
Wands
 b - a wand of flame (7) (quivered)
 c - a wand of charming (21)
 d - a wand of iceblast (3)
 t - a wand of polymorph (3)
Scrolls
 a - 3 scrolls of vulnerability {unknown}
 i - a scroll of magic mapping {unknown}
 j - a scroll of noise {unknown}
 m - 7 scrolls of identify {unknown}
 n - 2 scrolls of teleportation {unknown}
 o - a scroll of fog {unknown}
 p - a scroll of torment {unknown}
 s - a scroll of enchant weapon {unknown}
 w - a scroll of enchant armour {unknown}
Potions
 l - 2 potions of lignification {unknown}
 q - a potion of flight {unknown}
 u - 2 potions of magic
 x - 3 potions of haste {unknown}
 z - 2 potions of might {unknown}


   Skills:
 + Level 4.1 Fighting
 + Level 4.7 Dodging
 - Level 1.3 Stealth
 * Level 5.1 Unarmed Combat
 - Level 3.2 Evocations


You had 6 spell levels left.
You didn't know any spells.
Your spell library contained the following spells:

 Spells                   Type           Power      Damage    Failure   Level
 Chain Lightning          Conj/Air       0%         N/A       100%        9
 Fire Storm               Conj/Fire      0%         5d1       100%        9
 Shatter                  Erth           0%         3d5*      100%        9


Dungeon Overview and Level Annotations

Branches:
Dungeon (5/15)             Temple (0/1) D:5

Altars:
Dithmenos
Elyvilon
Kikubaaqudgha
Wu Jian
The Shining One

Shops:
D:1 :*([


Innate Abilities, Weirdness & Mutations

You cannot wear most types of armour.
You are amphibious.
You can wear up to eight rings at the same time.
Your skin changes colour to match your surroundings (Stealth+).
Your rubbery body absorbs attacks. (AC +1, EV +1)
((You are camouflaged when in or above water. (Stealth+)))
You have tentacles for arms and can constrict up to eight enemies at once.


Message History

The magic dart hits you!
Things that are here:
a +0 whip; a +0 chain mail; an orc corpse You bludgeon the orc wizard!
You kill the orc wizard!
The Council accepts your kill.
Unknown command.
Aiming: Charm
Press: ? - help, Shift-Dir - straight line The orc priest resists with significant effort.
You barely miss the orc. You grab the orc. You constrict the orc.
The orc escapes!
You tentacle-slap the orc priest. You grab the orc priest.
The orc priest is lightly wounded.
You constrict the orc priest. The orc priest hits you with a +0 mace!
* * * LOW HITPOINT WARNING * * *
The orc barely misses you.
You feel better.
You constrict the orc priest.
The orc priest looks satisfied for a moment.
The orc priest hits you with a +0 mace!
* * * LOW HITPOINT WARNING * * *
The orc hits you with a +0 whip.
* * * LOW HITPOINT WARNING * * *
You feel better.
You constrict the orc priest. The orc priest hits you with a +0 mace.
* * * LOW HITPOINT WARNING * * *
The orc misses you.
You barely miss the orc priest.
The orc priest is severely wounded.
You constrict the orc priest. The orc priest hits you with a +0 mace.
* * * LOW HITPOINT WARNING * * *
The orc closely misses you.
The orc priest calls upon Beogh to heal the orc priest.
The orc priest is healed somewhat.
Okay, then.
It was a potion of magic.
Magic courses through your body.
You constrict the orc priest. The orc priest hits you with a +0 mace.
* * * LOW HITPOINT WARNING * * *
The orc hits you with a +0 whip.
You die...

.....# #.## #### .....## #..#
#....###.†# #....##..###
#.........###################
##...####....(..>..).........
##..### ###.........#########
##..## ##.######## ##..##
#@o# ##.### ##o# ..## #o.#
.## ##.# ## .. .# #.# .# ..
.# #.. .#


You could see 2 orc priests and an orc.

Vanquished Creatures
  A black bear (D:5)
  An ogre (D:5)
  A scorpion (D:5)
  2 jellies (D:5)
  4 hounds
  A sleepcap (D:5)
  2 iguanas
  Ijyb (D:5)
  An orc wizard (D:4)
  3 adders
  2 ufetubi
  A worm (D:2)
  2 dart slugs
  7 orcs
  3 endoplasms
  2 giant cockroaches
  3 goblins
  5 hobgoblins
  3 jackals (D:5)
  4 ball pythons
  4 bats
  5 frilled lizards
  3 kobolds
  A rat (D:1)
62 creatures vanquished.

Notes
Turn   | Place    | Note
-------+----------+-------------------------------------------
     0 | D:1      | M4edhros the Octopode Artificer began the quest for the
                  | Orb.
     0 | D:1      | Reached XP level 1. HP: 13/13 MP: 1/1
   152 | D:2      | Reached XP level 2. HP: 10/18 MP: 2/2
   380 | D:2      | Found a glowing golden altar of the Shining One.
   430 | D:3      | Found a white marble altar of Elyvilon.
   433 | D:3      | Found a shadowy altar of Dithmenos.
   436 | D:3      | Found an ornate altar of the Wu Jian Council.
   439 | D:3      | Found an ancient bone altar of Kikubaaqudgha.
   445 | D:3      | Became a worshipper of the Wu Jian Council
   651 | D:1      | Reached XP level 3. HP: 18/24 MP: 3/3
   678 | D:1      | Found Keri's General Store.
   774 | D:1      | Found Nefitzuw's Weapon Emporium.
   778 | D:1      | Found Pyggiut's Armour Shoppe.
   831 | D:2      | Reached skill level 1 in Unarmed Combat
   874 | D:1      | Found Munud's Book Shop.
  1060 | D:5      | Entered Level 5 of the Dungeon
  1082 | D:5      | Reached skill level 2 in Unarmed Combat
  1082 | D:5      | Reached XP level 4. HP: 23/30 MP: 4/4
  1108 | D:5      | Noticed an ogre
  1123 | D:5      | Killed an ogre
  1124 | D:5      | Reached XP level 5. HP: 17/36 MP: 5/5
  1140 | D:5      | Noticed Ijyb
  1153 | D:5      | Killed Ijyb
  1154 | D:5      | Reached skill level 3 in Unarmed Combat
  1224 | D:5      | Reached * piety under Wu Jian
  1225 | D:5      | Reached XP level 6. HP: 7/42 MP: 6/6
  1269 | D:5      | Reached skill level 4 in Unarmed Combat
  1318 | D:5      | Found a staircase to the Ecumenical Temple.
  1365 | D:5      | Noticed Sigmund
  1370 | D:5      | Sigmund changed into Sigmund the goblin
  1370 | D:5      | Noticed Sigmund
  1376 | D:5      | Killed Sigmund the goblin
  1414 | D:5      | Noticed a black bear
  1442 | D:5      | Killed a black bear
  1443 | D:5      | Reached XP level 7. HP: 37/47 MP: 7/7
  1591 | D:4      | Reached skill level 5 in Unarmed Combat
  1602 | D:4      | HP: 1/48 [orc priest/+0 mace (6)]
  1602 | D:4      | Slain by an orc

Illustrated notes

Levels and vault maps discovered:
D:1:      minmay_arrival_wavy_path, layout_rooms, serial_shops, shop,
          nicolae_shop_advertising_works [nicolae_subvault_shop_adworks], shop,
          shop
D:2:      layout_rooms, basic_altar, kennysheep_big_empty_room, uniq_terence
D:3:      layout_basic, grunt_temple_overflow_cloverleaf
D:4:      layout_cave_pods, ebering_dispersal_statue_hall,
          hangedman_abyss_or_decor_jellyfish_corner
D:5:      layout_loops_cross, minmay_temple_entry_hall, serial_shops, shop,
          st_stairs_4, uniq_sigmund, uniq_ijyb

Skill      XL: |  1  2  3  4  5  6  7 |
---------------+----------------------+-----
Dodging        | 3 4 |  4.7
Fighting       | 2 3 4 |  4.1
Unarmed Combat | 2 3 4 5 |  5.1
Stealth        | |  1.3
Evocations     | |  3.2

Action                     |  1- 3 |  4- 6 |  7- 9 || total
---------------------------+-------+-------+-------++-------
  Melee: Unarmed           |    89 |    56 |    33 ||   178
         Constrict         |    25 |    17 |    14 ||    56
         Tentacles         |    21 |    13 |     7 ||    41
         Punch             |     1 |     3 |     3 ||     7
Ability: Lunge             |     7 |     1 |     1 ||     9
         Whirlwind         |       |     2 |    15 ||    17
  Evoke: Wand              |       |    11 |     3 ||    14
    Use: Potion            |       |     1 |     3 ||     4
   Stab: Sleeping          |     7 |     2 |       ||     9
 Armour: Skin              |     9 |     4 |       ||    13
  Dodge: Dodged            |    53 |    37 |    18 ||   108

Table legend: (Time is in decaauts)
 A = Elapsed time spent in this place.
 B = Non-inter-level travel time spent in this place.
 C = Inter-level travel time spent in this place.
 D = Time resting spent in this place.
 E = Time spent auto-exploring this place.
 F = Levels seen in this place.
 G = Mean time per level.
                   A        B        C        D        E       F      G
               +--------+--------+--------+--------+--------+-----+--------+
         Total |   1597 |   1497 |    100 |      0 |    203 |   5 |  319.4 |
       Dungeon |   1597 |   1497 |    100 |      0 |    203 |   5 |  319.4 |
               +--------+--------+--------+--------+--------+-----+--------+

Top non-repeatable levels by time:
     D:5: 417 daAuts
     D:2: 400 daAuts
     D:1: 398 daAuts
     D:3: 204 daAuts
     D:4: 177 daAuts
